 Dungeon Crawl Stone Soup version 0.28-a0-987-g8383568036 (webtiles) character file.

Game seed: 15035661991094145122

2454 Decritt the Protected (level 9, 0/60 HPs)
             Began as a Gargoyle Fighter on Dec 4, 2021.
             Was a Follower of Zin.
             Slain by a wyvern (3 damage)
             ... on level 9 of the Dungeon.
             The game lasted 00:08:59 (6969 turns).

Decritt the Protected (Gargoyle Fighter)            Turns: 6969, Time: 00:08:59

Health: 0/60       AC: 22    Str: 23    XL:     9   Next: 50%
Magic:  9/9        EV:  7    Int: 10    God:    Zin [*.....]
Gold:   290        SH:  4    Dex:  9    Spells: 8/8 levels left

rFire   . . .      SeeInvis .   a - +0 war axe
rCold   . . .      Faith    .   c - +0 buckler
rNeg    + . .      Spirit   .   l - +0 plate armour
rPois   ∞          Reflect  .   (no helmet)
rElec   +          Harm     .   i - +0 cloak
rCorr   .          Rampage  .   (no gloves)
Will    .....                   (no boots)
Stlth   ..........              (no amulet)
HPRegen 0.20/turn               (no ring)
MPRegen 0.11/turn               (no ring)

@: mighty
A: sickness immunity, AC +6, negative energy resistance 1, electricity
resistance, torment resistance 1, petrification resistance
a: Renounce Religion, Recite, Donate Gold


You were on level 9 of the Dungeon.
You worshipped Zin.
Zin was aware of your devotion.
You visited 2 branches of the dungeon, and saw 8 of its levels.

You collected 322 gold pieces.
You donated 32 gold pieces to Zin.

Inventory:

Hand Weapons
 a - a +0 war axe (weapon)
Missiles
 k - 4 boomerangs of dispersal
Armour
 c - a +0 buckler (worn)
 i - a +0 cloak (worn)
 j - a +2 scale mail of cold resistance
 l - a +0 plate armour (worn)
Scrolls
 g - a scroll of holy word {unknown}
 h - a scroll of enchant weapon {unknown}
 m - a scroll of summoning {unknown}
 n - a scroll of teleportation {unknown}
 o - a scroll of vulnerability {unknown}
 r - a scroll of amnesia {unknown}
 u - a scroll of blinking {unknown}
Potions
 b - a potion of flight
 d - a potion of might
 e - a potion of haste {unknown}
 f - a potion of invisibility {unknown}
 q - 2 potions of attraction {unknown}
 s - a potion of mutation {unknown}
 t - 2 potions of ambrosia


   Skills:
 + Level 8.9 Fighting
 + Level 5.9 Axes
 * Level 9.2 Armour
 - Level 3.2 Shields


You had 8 spell levels left.
You didn't know any spells.
Your spell library was empty.

Dungeon Overview and Level Annotations

Branches:
Dungeon (6/15)             Temple (1/1) D:6

Altars:
Ashenzari
Hepliaklqana
Makhleb
Nemelex Xobeh
Ru
Zin


Innate Abilities, Weirdness & Mutations

You are immune to sickness and miasma.
Your stone body is resilient. (AC +6)
You are immune to poison.
You resist negative energy. (rN+)
You are resistant to electric shocks. (rElec)
You are resistant to unholy torment.
You are immune to petrification.


Message History

You kill the orc warrior!
You hit the wyvern. The wyvern bites you.
* * * LOW HITPOINT WARNING * * *
The wyvern bites you!
* * * LOW HITPOINT WARNING * * *
You barely miss the wyvern.
The wyvern is severely wounded.
The wyvern closely misses you.
The wyvern bites you but does no damage.
Your plate armour prevents you from hitting the wyvern.
The wyvern is severely wounded.
The wyvern completely misses you.
A gnoll comes into view. It is wielding a +0 club.
The wyvern bites you but does no damage.
The gnoll sergeant hits you but does no damage.
The wyvern bites you but does no damage.
Things that are here:
a +0 mace; a +0 chain mail; an orc corpse You feel very mighty all of a sudden.
The wyvern bites you but does no damage.
The gnoll sergeant hits you with a +0 spear of venom!
* * * LOW HITPOINT WARNING * * *
A gnoll comes into view. It is wielding a +0 spear.
You feel better.
The gnoll shouts!
The wyvern bites you.
* * * LOW HITPOINT WARNING * * *
The gnoll sergeant hits you with a +0 spear of venom.
* * * LOW HITPOINT WARNING * * *
The wyvern bites you!
* * * LOW HITPOINT WARNING * * *
You block the gnoll sergeant's attack. The wyvern bites you.
* * * LOW HITPOINT WARNING * * *
The wyvern bites you but does no damage.
The wyvern bites you. Zin protects you from harm!
The wyvern bites you but does no damage.
The wyvern bites you.
You die...

#..# #..# #..#
#..# #..# #..#
#..# #@.# #l.#
#g.# #..# #g.#
###########g.#
........g....#
.....?g.)....#
........)#####


You could see a wyvern, a gnoll sergeant and 2 gnolls.

Vanquished Creatures
  Prince Ribbit (D:5)
  2 wraiths (D:9)
  3 yaks
  A wyvern (D:5)
  3 necrophages
  An orc warrior (D:9)
  A black bear (D:5)
  2 ice beasts (D:5)
  5 scorpions
  A bullfrog zombie (D:6)
  A gnoll shaman (D:6)
  4 hounds
  An orc priest (D:9)
  A centaur skeleton (D:6)
  Jessica (D:2)
  2 iguanas (D:5)
  8 adders
  An ufetubus (D:5)
  5 dart slugs
  4 orcs
  3 endoplasms
  A giant cockroach (D:3)
  9 goblins
  6 hobgoblins
  5 jackals
  6 kobolds
  2 quokkas (D:4)
  7 ball pythons
  3 bats
  3 frilled lizards
  6 rats
99 creatures vanquished.

Notes
Turn   | Place    | Note
-------+----------+-------------------------------------------
     0 | D:1      | Decritt the Gargoyle Fighter began the quest for the Orb.
     0 | D:1      | Reached XP level 1. HP: 14/14 MP: 1/1
   440 | D:1      | Reached XP level 2. HP: 9/19 MP: 2/2
  1214 | D:1      | Reached XP level 3. HP: 24/24 MP: 3/3
  1572 | D:2      | Found a faded altar of an unknown god.
  1799 | D:2      | Noticed Jessica
  1804 | D:2      | Killed Jessica
  1805 | D:2      | Reached XP level 4. HP: 30/30 MP: 4/4
  2049 | D:2      | Reached skill level 4 in Armour
  2519 | D:3      | Reached XP level 5. HP: 34/34 MP: 5/5
  2541 | D:3      | Found a broken altar of Ashenzari.
  2558 | D:3      | Found a sparkling altar of Nemelex Xobeh.
  2826 | D:3      | Reached skill level 5 in Fighting
  3249 | D:4      | Found a burning altar of Makhleb.
  3391 | D:4      | Noticed a necrophage
  3428 | D:4      | Killed a necrophage
  3429 | D:4      | Reached XP level 6. HP: 22/41 MP: 6/6
  4296 | D:4      | Noticed a necrophage
  4309 | D:4      | Killed a necrophage
  4374 | D:5      | Entered Level 5 of the Dungeon
  4675 | D:5      | Reached skill level 5 in Armour
  4675 | D:5      | Reached XP level 7. HP: 47/47 MP: 7/7
  4702 | D:5      | Noticed Prince Ribbit
  4721 | D:5      | Killed Prince Ribbit
  5215 | D:5      | Noticed a wyvern
  5221 | D:5      | Killed a wyvern
  5222 | D:5      | Reached skill level 6 in Armour
  5222 | D:5      | Reached XP level 8. HP: 53/53 MP: 8/8
  5691 | D:5      | Reached skill level 7 in Armour
  5924 | D:6      | Noticed a yak
  5924 | D:6      | Noticed a yak
  5929 | D:6      | Noticed a yak
  5946 | D:5      | Killed a yak
  6116 | D:6      | Killed a yak
  6117 | D:6      | Reached skill level 5 in Axes
  6126 | D:6      | Killed a yak
  6127 | D:6      | Reached skill level 8 in Armour
  6127 | D:6      | Reached XP level 9. HP: 46/60 MP: 9/9
  6645 | D:6      | Found a staircase to the Ecumenical Temple.
  6653 | Temple   | Entered the Ecumenical Temple
  6663 | Temple   | Became a worshipper of Zin the Law-Giver
  6663 | Temple   | Reached * piety under Zin
  6682 | D:6      | You fall into a shaft and drop 3 floors!
  6696 | D:9      | HP: 2/60 [wraith (9)]
  6705 | D:9      | Reached skill level 9 in Armour
  6961 | D:9      | HP: 3/60 [wyvern (9)]
  6965 | D:9      | Zin protects you from harm!
  6969 | D:9      | Slain by a wyvern

Illustrated notes

Levels and vault maps discovered:
D:1:      amcnicky_arrival_blooded_trapdoor, layout_basic
D:2:      minmay_door_path, layout_basic, dreamdust_ecumenical_altar_grove,
          uniq_jessica
D:3:      layout_basic, mainiacjoe_overflow_small_starburst,
          ashenzari_conservatory_becter, minmay_crystal_room
D:4:      layout_gridville, bloody_makhleb, hangedman_decor_peaks_small,
          minmay_misc_feat_nine_boxes, hangedman_abyss_or_decor_stagger
D:5:      black_bear_nest_1, layout_gridville, hangedman_decor_slide_cut,
          uniq_prince_ribbit1
D:6:      minmay_skewed_foursquare, layout_loops_ring,
          minmay_temple_entry_waves, uniq_menkaure, uniq_edmund
D:9:      nzn_winding_woodlands_medium [nzn_winding_woodlands_5x5_open_star,
          nzn_winding_woodlands_5x15_eye, nzn_winding_woodlands_5x5_default,
          nzn_winding_woodlands_5x5_perimeter,
          nzn_winding_woodlands_center_diamonds,
          nzn_winding_woodlands_hourglass, nzn_winding_woodlands_5x5_cross,
          nzn_winding_woodlands_5x15_longhouse,
          nzn_winding_woodlands_5x5_default], layout_rooms, lemuel_doored_altar,
          elyvilon_altar_5, kennysheep_okawaru_gauntlet
Temple:   regret_index_temple_sphere_string

Skill      XL: |  1  2  3  4  5  6  7  8  9 |
---------------+----------------------------+-----
Axes           | 2 3 4 5 |  5.9
Fighting       | 4 5 6 7 8 |  8.9
Armour         | 4 5 6 8 9 |  9.2
Shields        | |  3.2

Action                   |  1- 3 |  4- 6 |  7- 9 || total
-------------------------+-------+-------+-------++-------
Melee: War axe           |    78 |   172 |   197 ||   447
  Use: Scroll            |       |     5 |       ||     5
       Potion            |       |       |     6 ||     6
Armor: Scale mail        |    39 |    12 |       ||    51
       Chain mail        |    15 |       |       ||    15
       Plate armour      |       |   125 |   192 ||   317
Dodge: Dodged            |    42 |    57 |    67 ||   166
Block: Buckler           |     8 |    29 |    49 ||    86

Table legend: (Time is in decaauts)
 A = Elapsed time spent in this place.
 B = Non-inter-level travel time spent in this place.
 C = Inter-level travel time spent in this place.
 D = Time resting spent in this place.
 E = Time spent auto-exploring this place.
 F = Levels seen in this place.
 G = Mean time per level.
                   A        B        C        D        E       F      G
               +--------+--------+--------+--------+--------+-----+--------+
         Total |   7177 |   7035 |    142 |   1281 |   4627 |   8 |  897.1 |
       Dungeon |   7156 |   7024 |    132 |   1281 |   4624 |   7 | 1022.3 |
        Temple |     20 |     10 |     10 |      0 |      3 |   1 |   20.0 |
               +--------+--------+--------+--------+--------+-----+--------+

Top non-repeatable levels by time:
     D:5: 1763 daAuts
     D:1: 1511 daAuts
     D:4: 1431 daAuts
     D:2: 910 daAuts
     D:3: 611 daAuts
     D:6: 595 daAuts
     D:9: 332 daAuts
  Temple: 20 daAuts
